 Dungeon Crawl Stone Soup version 0.30.1-3-gfc49f6343a (webtiles) character file.

Game seed: 8449045332313966801

458 leafyfresh the Covert (level 7, -4/60 HPs)
             Began as a Gnoll Delver on Aug 4, 2023.
             Slain by a water moccasin (8 damage)
             ... on level 5 of the Dungeon.
             The game lasted 00:01:35 (897 turns).

leafyfresh the Covert (Gnoll Delver)                 Turns: 897, Time: 00:01:36

Health: -4/60      AC:  3    Str: 11    XL:     7   Next: 6%
Magic:  10/10      EV: 14    Int:  9    God:
Gold:   25         SH:  0    Dex: 16    Spells: 10/10 levels left

rFire   . . .        a - +0 short sword
rCold   . . .        (no shield)
rNeg    . . .        b - +0 leather armour
rPois   .            (no helmet)
rElec   .            (no cloak)
rCorr   .            (no gloves)
SInv    .            (no boots)
Will    .....        (no amulet)
Stlth   ++++         (no ring)
HPRegen 0.30/turn    (no ring)
MPRegen 0.12/turn

%: no passive effects
@: no status effects
A: fangs 1, strong nose, distributed training
a: no special abilities


You were on level 5 of the Dungeon.
You visited 1 branch of the dungeon, and saw 1 of its levels.

You collected 25 gold pieces.

Inventory:

Hand Weapons
 a - a +0 short sword (weapon)
Armour
 b - a +0 leather armour (worn)
Wands
 g - a wand of digging (2)
 i - a wand of iceblast (9)
Scrolls
 c - a scroll of fog
 d - a scroll of magic mapping
 e - a scroll of fear
 l - a scroll of teleportation {unknown}
Potions
 f - a potion of haste
 h - a potion of flight {unknown}
 j - a potion of cancellation {unknown}
 k - a potion of curing {unknown}


   Skills:
 + Level 7.0 Fighting
 + Level 5.1 Short Blades
 + Level 2.3 Long Blades
 + Level 2.3 Axes
 + Level 2.3 Maces & Flails
 + Level 2.3 Polearms
 + Level 2.3 Staves
 + Level 2.3 Ranged Weapons
 + Level 2.3 Throwing
 + Level 2.3 Armour
 + Level 5.1 Dodging
 + Level 9.9 Stealth
 + Level 2.3 Shields
 + Level 2.3 Unarmed Combat
 + Level 2.3 Spellcasting
 + Level 1.9 Conjurations
 + Level 1.9 Hexes
 + Level 1.9 Summonings
 + Level 1.9 Necromancy
 + Level 1.9 Translocations
 + Level 1.9 Transmutations
 + Level 1.9 Fire Magic
 + Level 1.9 Ice Magic
 + Level 1.9 Air Magic
 + Level 1.9 Earth Magic
 + Level 1.9 Poison Magic
 + Level 2.5 Invocations
 + Level 2.3 Evocations


You had 10 spell levels left.
You didn't know any spells.
Your spell library was empty.

Dungeon Overview and Level Annotations

Branches:
Dungeon (5/15)
 Temple: D:4-7

Altars:
Hepliaklqana
Kikubaaqudgha
Qazlal
Yredelemnul


Innate Abilities, Weirdness & Mutations

You have very sharp teeth.
Your uncanny sense of smell can sniff out nearby items.
Your experience applies equally to all skills.


Message History

You barely miss the water moccasin.
The water moccasin is moderately wounded.
The water moccasin bites you but does no damage.
You hit the water moccasin.
The water moccasin is moderately wounded.
The water moccasin bites you but does no damage.
You barely miss the water moccasin.
The water moccasin is moderately wounded.
The water moccasin bites you but does no damage.
You hit the water moccasin. Your bite misses the water moccasin.
The water moccasin is heavily wounded.
The water moccasin barely misses you.
You hit the water moccasin but do no damage.
The water moccasin is heavily wounded.
The water moccasin misses you.
You hit the water moccasin.
You bite the water moccasin, but do no damage.
The water moccasin is heavily wounded.
The water moccasin misses you.
You miss the water moccasin.
The water moccasin is heavily wounded.
The water moccasin barely misses you.
You barely miss the water moccasin. You bite the water moccasin.
The water moccasin is severely wounded.
The water moccasin bites you.
* * * LOW HITPOINT WARNING * * *
You hit the water moccasin. You punch the water moccasin.
The water moccasin is severely wounded.
The water moccasin barely misses you.
You hit the water moccasin.
The water moccasin is almost dead.
The water moccasin barely misses you.
You hit the water moccasin.
The water moccasin is almost dead.
The water moccasin bites you!
* * * LOW HITPOINT WARNING * * *
You closely miss the water moccasin.
The water moccasin is almost dead.
The water moccasin bites you!
You die...

##.##.......#######.#..# #...
##...##### #........###... #
#......# #.###.#........
.########.# #.....#......##
..........#####..####.##.#.##
.#......###.##..####.##.#..# #
#......###.##........#.....
#.#.......##.###......[######
.##.......$.##@# ######.#######
............##S# #####........
..........####.# #.....)######
..........####†####......#
............##...##......######
..........#~...................
###.......#~~~..###......##....
#......h#~~~~........####....
.........#~~~~.######. #....


You could see a water moccasin.

Vanquished Creatures
  A phantom (D:5)
  A necrophage (D:5)
  A wight (D:5)
  2 bullfrog zombies (D:5)
  A centaur zombie (D:5)
  A human zombie (D:5)
  A hound (D:5)
  Ijyb (D:5)
  A scorpion zombie (D:5)
  4 mummies (D:5)
  A river rat (D:5)
  A white imp (D:5)
  An adder zombie (D:5)
  An orc (D:5)
  A ball python (D:5)
  A quokka (D:5)
20 creatures vanquished.

Notes
Turn   | Place    | Note
-------+----------+-------------------------------------------
     0 | D:5      | Reached skill level 9 in Stealth
     0 | D:5      | leafyfresh the Gnoll Delver began the quest for the Orb.
     0 | D:5      | Reached XP level 1. HP: 23/23 MP: 1/1
     4 | D:5      | Found a hazy altar of Hepliaklqana.
     4 | D:5      | Found a stormy altar of Qazlal.
    69 | D:5      | Found an ancient bone altar of Kikubaaqudgha.
   164 | D:5      | Noticed a phantom
   169 | D:5      | Killed a phantom
   170 | D:5      | Reached skill level 1 in Long Blades
   170 | D:5      | Reached skill level 1 in Axes
   170 | D:5      | Reached skill level 1 in Maces & Flails
   170 | D:5      | Reached skill level 1 in Polearms
   170 | D:5      | Reached skill level 1 in Staves
   170 | D:5      | Reached skill level 1 in Ranged Weapons
   170 | D:5      | Reached skill level 1 in Throwing
   170 | D:5      | Reached skill level 1 in Armour
   170 | D:5      | Reached skill level 1 in Shields
   170 | D:5      | Reached skill level 1 in Unarmed Combat
   170 | D:5      | Reached skill level 1 in Spellcasting
   170 | D:5      | Reached skill level 1 in Invocations
   170 | D:5      | Reached skill level 1 in Evocations
   170 | D:5      | Reached XP level 2. HP: 29/29 MP: 1/3
   170 | D:5      | Reached XP level 3. HP: 35/35 MP: 1/4
   170 | D:5      | Reached XP level 4. HP: 41/41 MP: 1/5
   220 | D:5      | Noticed Ijyb
   272 | D:5      | Killed Ijyb
   273 | D:5      | Reached skill level 1 in Conjurations
   273 | D:5      | Reached skill level 1 in Hexes
   273 | D:5      | Reached skill level 1 in Summonings
   273 | D:5      | Reached skill level 1 in Necromancy
   273 | D:5      | Reached skill level 1 in Translocations
   273 | D:5      | Reached skill level 1 in Transmutations
   273 | D:5      | Reached skill level 1 in Fire Magic
   273 | D:5      | Reached skill level 1 in Ice Magic
   273 | D:5      | Reached skill level 1 in Air Magic
   273 | D:5      | Reached skill level 1 in Earth Magic
   273 | D:5      | Reached skill level 1 in Poison Magic
   431 | D:5      | HP: 1/41 [mummy (8)]
   441 | D:5      | Reached XP level 5. HP: 3/47 MP: 5/7
   615 | D:5      | Reached XP level 6. HP: 53/53 MP: 8/8
   623 | D:5      | Reached skill level 5 in Short Blades
   623 | D:5      | Reached skill level 5 in Dodging
   679 | D:5      | Found a basalt altar of Yredelemnul.
   766 | D:5      | Noticed a water moccasin
   792 | D:5      | Reached XP level 7. HP: 51/60 MP: 10/10
   897 | D:5      | Slain by a water moccasin

Illustrated notes

Levels and vault maps discovered:
D:5:      layout_basic, lemuel_mausoleum_altar_yredelemnul,
          nicolae_kikubaaqudgha_miasma_corner,
          mainiacjoe_overflow_catwalk_spiral, minmay_temple_entry_overgrown,
          portal_sewer_entry_b, uniq_ijyb

Skill      XL: |  1  2  3  4  5  6 |
---------------+-------------------+-----
Stealth        | |  9.9
Long Blades    | 1 2 |  2.3
Axes           | 1 2 |  2.3
Maces & Flails | 1 2 |  2.3
Polearms       | 1 2 |  2.3
Staves         | 1 2 |  2.3
Ranged Weapons | 1 2 |  2.3
Throwing       | 1 2 |  2.3
Armour         | 1 2 |  2.3
Shields        | 1 2 |  2.3
Unarmed Combat | 1 2 |  2.3
Spellcasting   | 1 2 |  2.3
Invocations    | 1 2 |  2.5
Evocations     | 1 2 |  2.3
Conjurations   | 1 |  1.9
Hexes          | 1 |  1.9
Summonings     | 1 |  1.9
Necromancy     | 1 |  1.9
Translocations | 1 |  1.9
Transmutations | 1 |  1.9
Fire Magic     | 1 |  1.9
Ice Magic      | 1 |  1.9
Air Magic      | 1 |  1.9
Earth Magic    | 1 |  1.9
Poison Magic   | 1 |  1.9
Short Blades   | 5 |  5.1
Dodging        | 5 |  5.1
Fighting       | 7 |  7.0

Action                     |  1- 3 |  4- 6 |  7- 9 || total
---------------------------+-------+-------+-------++-------
  Melee: Short sword       |    16 |   120 |    74 ||   210
         Bite              |     1 |    22 |     9 ||    32
         Punch             |       |     2 |     2 ||     4
  Evoke: Wand              |       |     1 |       ||     1
   Stab: Sleeping          |     1 |     8 |       ||     9
 Armour: Leather armour    |     2 |    16 |     9 ||    27
  Dodge: Dodged            |     8 |    52 |    38 ||    98
